 Dungeon Crawl Stone Soup version 0.28-a0-2-g643f2454ad (webtiles) character file.

Game seed: 16497381383561225203

76 robertstho the Sneak (level 4, 0/29 HPs)
             Began as an Octopode Brigand on July 22, 2021.
             Succumbed to Jessica's poison
             ... on level 3 of the Dungeon.
             The game lasted 00:01:55 (2211 turns).

robertstho the Sneak (Octopode Brigand)             Turns: 2211, Time: 00:01:55

Health: 0/29       AC:  1    Str: 11    XL:     4   Next: 32%
Magic:  4/4        EV:  8    Int: 13    God:
Gold:   57         SH: 10    Dex: 13    Spells: 3/3 levels left

rFire   . . .      SeeInvis .   a - +2 dagger
rCold   . . .      Faith    .   g - +0 tower shield
rNeg    . . .      Spirit   .   (helmet restricted)
rPois   .          Reflect  .   (no amulet)
rElec   .          Harm     .   (no ring)
rCorr   .          Rampage  .   (no ring)
Will    .....                   (no ring)
Stlth   ++++......              (no ring)
HPRegen 0.09/turn               (no ring)
MPRegen 0.09/turn               (no ring)
                                (no ring)
                                (no ring)

@: lethally poisoned (0 -> -11), hasted, very quick
A: almost no armour, amphibious, 8 rings, camouflage 1, gelatinous body 1,
(nimble swimmer 1), tentacles
a: no special abilities


You were on level 3 of the Dungeon.
You visited 1 branch of the dungeon, and saw 3 of its levels.

You collected 57 gold pieces.

Inventory:

Hand Weapons
 a - a +2 dagger (weapon)
Missiles
 b - 33 poisoned darts (quivered)
 c - 2 curare-tipped darts
Armour
 g - a +0 tower shield (worn)
Jewellery
 i - a ring of magical power
Scrolls
 d - 2 scrolls of vulnerability {unknown}
 e - a scroll of blinking {unknown}


   Skills:
 * Level 2.2 Fighting
 + Level 2.4 Short Blades
 + Level 2.2 Throwing
 * Level 1.7 Dodging
 * Level 6.8 Stealth


You had 3 spell levels left.
You didn't know any spells.
Your spell library contained the following spells:

 Spells                   Type           Power      Damage    Failure   Level
 Magic Dart               Conj           0%         1d3       100%        1
 Call Imp                 Summ           0%         N/A       100%        2
 Mephitic Cloud           Conj/Pois/Air  0%         N/A       100%        3


Dungeon Overview and Level Annotations

Branches:
Dungeon (3/15)

Altars:

Annotations:
D:3 Jessica


Innate Abilities, Weirdness & Mutations

You cannot wear most types of armour.
You are amphibious.
You can wear up to eight rings at the same time.
Your skin changes colour to match your surroundings (Stealth+).
Your rubbery body absorbs attacks. (AC +1, EV +1)
((You are camouflaged near water. (Stealth+)))
You have tentacles for arms and can constrict up to eight enemies at once.


Message History

You hit the orc but do no damage.
The orc is moderately wounded.
You constrict the orc. You block the orc's attack.
The orc completely misses you. The orc hits you with a +0 club.
Jessica the Apprentice Sorceress comes into view.
She is wielding a +2 dagger of venom.
The orc hits you with a +0 hand axe.
The orc hits you with a +3 vampiric hand axe.
The orc barely misses you.
You release your grip on the orc.
You block the orc's attack.
Found a hand axe.
Things that are here:
a +0 mace; an orc corpse You hit the orc.
Your grab misses the orc.
The orc is lightly wounded.
The orc closely misses you.
You barely miss the orc. Your grab misses the orc. Your squeeze misses the orc.
The orc is lightly wounded.
Jessica gestures wildly while chanting.
Jessica blinks!
You block the orc's attack.
You hit the orc. Your grab misses the orc.
The orc is heavily wounded.
The orc hits you with a +3 vampiric hand axe!
You hit the orc but do no damage. You grab the orc.
The orc is heavily wounded.
You constrict the orc.
Jessica points at you and mumbles some strange words.
You barely resist. The orc hits you with a +0 hand axe.
* * * LOW HITPOINT WARNING * * *
Unknown command.
It was a potion of curing.
You feel better.
You constrict the orc.
You kill the orc!
Jessica points at you and mumbles some strange words.
Pain shoots through your body!
* * * LOW HITPOINT WARNING * * *
It was a potion of haste.
You feel yourself speed up.
Jessica hits you with a +2 dagger of venom.
* * * LOW HITPOINT WARNING * * *
You are lethally poisoned!
The orc barely misses you.
You die...

#### .# ... .#
#.. .@ #.# .# #.#
.#
#..###@###.####.#
#.....@.oo......#
#....)###<.#####
#.#.#. #..#
#..... #..#
#.#.#. #..#
#..... ...#
####.# #.## #.#


You could see Jessica and 2 orcs.

Vanquished Creatures
  2 adders (D:2)
  A worm (D:2)
  3 dart slugs (D:1)
  2 orcs (D:3)
  4 bats
  3 endoplasms
  2 giant cockroaches (D:1)
  4 goblins
  2 hobgoblins
  2 jackals (D:1)
  5 kobolds
  4 quokkas
  4 ball pythons
  4 rats
42 creatures vanquished.

Notes
Turn   | Place    | Note
-------+----------+-------------------------------------------
     0 | D:1      | robertstho the Octopode Brigand began the quest for the
                  | Orb.
     0 | D:1      | Reached XP level 1. HP: 14/14 MP: 1/1
    80 | D:1      | Reached XP level 2. HP: 9/19 MP: 2/2
   372 | D:1      | Found a faded altar of an unknown god.
   467 | D:1      | Reached skill level 6 in Stealth
   549 | D:1      | Reached XP level 3. HP: 24/24 MP: 3/3
   930 | D:2      | HP: 1/24 [worm (11)]
  1585 | D:2      | Reached XP level 4. HP: 21/29 MP: 4/4
  2202 | D:3      | Noticed Jessica
  2211 | D:3      | Succumbed to Jessica's poison

Illustrated notes

Levels and vault maps discovered:
D:1:      psy_arrival_statuary, layout_basic,
          shapermc_ecumenical_altar_acropolis
D:2:      layout_loops_ring
D:3:      layout_loops_ring, gammafunk_temple_overflow_pools, glass_columns_a,
          uniq_crazy_yiuf_cottage, uniq_sigmund, uniq_jessica

Skill      XL: |  1  2 |
---------------+-------+-----
Stealth        | 6 |  6.8
Fighting       | |  2.2
Short Blades   | |  2.4
Throwing       | |  2.2
Dodging        | |  1.7

Action                   |  1- 3 |  4- 6 || total
-------------------------+-------+-------++-------
Melee: Dagger            |    59 |    18 ||    77
       Constrict         |    12 |     5 ||    17
       Tentacles         |     7 |     1 ||     8
  Use: Potion            |       |     2 ||     2
 Stab: Sleeping          |    17 |     2 ||    19
Armor: Skin              |     4 |       ||     4
Dodge: Dodged            |    20 |     8 ||    28
Block: Tower shield      |    10 |    13 ||    23

Table legend: (Time is in decaauts)
 A = Elapsed time spent in this place.
 B = Non-inter-level travel time spent in this place.
 C = Inter-level travel time spent in this place.
 D = Time resting spent in this place.
 E = Time spent auto-exploring this place.
 F = Levels seen in this place.
 G = Mean time per level.
                   A        B        C        D        E       F      G
               +--------+--------+--------+--------+--------+-----+--------+
         Total |   2224 |   2181 |     43 |    195 |   1687 |   3 |  741.3 |
       Dungeon |   2224 |   2181 |     43 |    195 |   1687 |   3 |  741.3 |
               +--------+--------+--------+--------+--------+-----+--------+

Top non-repeatable levels by time:
     D:1: 1112 daAuts
     D:2: 1097 daAuts
     D:3: 14 daAuts
